 Dungeon Crawl Stone Soup version 0.20.1-1-g8b1a95d (webtiles) character file.

2866 homeworkjunkie the Cleaver (level 9, -12/79 HPs)
             Began as a Hill Orc Fighter on Nov 17, 2017.
             Was a Believer of Okawaru.
             Mangled by a two-headed ogre
             ... wielding a +0 giant spiked club
              (18 damage)
             ... on level 9 of the Dungeon.
             The game lasted 00:25:16 (9635 turns).

homeworkjunkie the Cleaver (Hill Orc Fighter)       Turns: 9635, Time: 00:25:17

Health: -12/79     AC: 16    Str: 20    XL:     9   Next: 75%
Magic:  9/9        EV:  5    Int:  8    God:    Okawaru [**....]
Gold:   497        SH: 11    Dex: 12    Spells: 8/8 levels left

rFire    x . .     SeeInvis .   a - +5 war axe
rCold    + . .     Gourm    .   c - +0 shield
rNeg     . . .     Faith    +   q - +0 plate armour
rPois    .         Spirit   .   b - +2 helmet
rElec    .         Reflect  .   (no cloak)
rCorr    .         Harm     .   (no gloves)
MR       +....                  (no boots)
Stlth    ..........             B - amulet of faith
Regen    0.3/turn               v - ring of ice
MPRegen  0.2/turn               f - ring of protection from magic

@: no status effects
A: no striking features
a: Heroism, Renounce Religion


You were on level 9 of the Dungeon.
You worshipped Okawaru.
Okawaru was pleased with you.
You were not hungry.

You visited 2 branches of the dungeon, and saw 11 of its levels.
You also visited: Sewer.

You collected 497 gold pieces.

Inventory:

Hand Weapons
 a - a +5 war axe (weapon)
Missiles
 g - 5 tomahawks (quivered)
 i - 8 javelins
Armour
 b - a +2 helmet (worn)
 c - a +0 shield (worn)
 q - a +0 plate armour (worn)
Jewellery
 f - a ring of protection from magic (right hand)
 v - a ring of ice (left hand)
 B - an amulet of faith (around neck)
Wands
 j - a wand of digging (11/24)
 k - a wand of flame (4/48)
 n - a wand of disintegration (8/24)
 o - a wand of polymorph (13/24)
Scrolls
 d - a scroll of fog
 l - 3 scrolls of magic mapping
 m - 2 scrolls of identify
 y - 5 scrolls of remove curse
Potions
 e - 2 potions of flight
 t - a potion of magic
 w - 2 potions of mutation
 x - a potion of ambrosia
 z - a potion of brilliance
 E - 4 potions of haste
Comestibles
 h - 4 bread rations
 p - a meat ration


   Skills:
 * Level 7.0 Fighting
 * Level 11.5 Axes
 * Level 7.2 Armour
 + Level 0.8 Dodging
 * Level 7.2 Shields


You had 8 spell levels left.
You didn't know any spells.

Dungeon Overview and Level Annotations

Branches:
Dungeon (10/15)            Temple (1/1) D:7
   Lair: D:8-11         Orc: D:9-12

Altars:
Ashenzari
Cheibriados
Dithmenos
Elyvilon
Gozag
Hepliaklqana
Kikubaaqudgha
Makhleb
Nemelex Xobeh
Okawaru
Qazlal
Ru
Sif Muna
Trog
Uskayaw
Vehumet
Xom
Yredelemnul
Zin
The Shining One

Shops:
D:8 =

Annotations:
D:9 Erica


Message History

You are too injured to fight recklessly!
You are too injured to fight recklessly!
You are too injured to fight recklessly!
You are too injured to fight recklessly!
You are too injured to fight recklessly!
You are too injured to fight recklessly!
You are too injured to fight recklessly!
You are too injured to fight recklessly!
Okay, then.
The orc warrior throws a tomahawk.
The tomahawk hits you.
You see here a tomahawk.
The two-headed ogre hits you with a giant spiked club.
* * * LOW HITPOINT WARNING * * *
The two-headed ogre barely misses you.
The orc warrior throws a tomahawk.
The tomahawk hits you.
* * * LOW HITPOINT WARNING * * *
The two-headed ogre hits you with a giant spiked club!
* * * LOW HITPOINT WARNING * * *
The two-headed ogre hits you with a giant spiked club!!
You die...

#### ########## ....
#........# ....$
#........# .....
####........# .....(
...#........####.....(
#...:......##ooo(...(
##...@....##(#
#....O.o.##.#
#.......o.o(#
#..).....####
###)###### #)...#
#####'### #.......#
####+#### #.......#


You could see a two-headed ogre, an orc warrior and 2 orcs.

Vanquished Creatures
  Sigmund (D:4)
  An ice beast (D:9)
  Purgy (Sewer)
  A sky beast (D:6)
  4 orc warriors
  5 ogres
  A phantom (D:4)
  A centaur (D:8)
  Blork the orc (D:6)
  A big kobold (D:8)
  A bullfrog (D:7)
  A scorpion (D:7)
  5 wights (D:7)
  A howler monkey (D:8)
  5 crimson imps
  4 orc priests
  3 hounds
  4 orc wizards
  An iguana (D:7)
  A gnoll shaman (D:5)
  2 worker ants
  2 hound skeletons
  7 gnolls
  15 adders
  2 shadow imps
  2 oozes
  An adder skeleton (D:6)
  4 worms
  4 dart slugs (D:1)
  3 leopard geckos
  20 orcs
  5 giant cockroaches
  9 goblins
  16 hobgoblins
  10 jackals
  9 kobolds
  4 quokkas
  3 ball pythons
  6 bats
  5 frilled lizards
  2 quokka skeletons
  7 rats
181 creatures vanquished.

Notes
Turn   | Place    | Note
-------+----------+-------------------------------------------
     0 | D:1      | homeworkjunkie the Hill Orc Fighter began the quest for the Orb.
     0 | D:1      | Reached XP level 1. HP: 19/19 MP: 1/1
   216 | D:2      | Reached skill level 3 in Axes
   216 | D:2      | Reached XP level 2. HP: 27/27 MP: 2/2
   332 | D:2      | Reached XP level 3. HP: 21/33 MP: 3/3
   835 | D:5      | Entered Level 5 of the Dungeon
   908 | D:3      | HP: 1/33 [adder (2)]
  1253 | D:3      | Reached XP level 4. HP: 28/40 MP: 4/4
  1604 | D:3      | Found a bloodstained altar of Trog.
  3105 | D:1      | Reached XP level 5. HP: 38/46 MP: 5/5
  3155 | D:1      | Reached skill level 4 in Axes
  3788 | D:4      | Noticed Sigmund
  3802 | D:4      | Killed Sigmund
  3802 | D:4      | Reached skill level 5 in Axes
  3802 | D:4      | Reached skill level 5 in Shields
  3802 | D:4      | Reached XP level 6. HP: 28/53 MP: 6/6
  4049 | D:4      | Noticed a phantom
  4087 | D:4      | Killed a phantom
  4087 | D:4      | Reached skill level 6 in Axes
  4092 | D:4      | Got an iridescent rapier
  4190 | D:4      | Reached XP level 7. HP: 51/60 MP: 7/7
  4376 | D:4      | Found Vuetis's Antique Weapon Boutique.
  4486 | D:5      | Found a stormy altar of Qazlal.
  4633 | D:6      | Noticed Blork the orc
  4643 | D:6      | Killed Blork the orc
  4643 | D:6      | Reached skill level 5 in Fighting
  4701 | D:6      | Reached skill level 7 in Axes
  4820 | D:6      | Found a glowing drain.
  4864 | Sewer    | Entered a sewer
  4953 | Sewer    | Noticed Purgy
  4969 | Sewer    | Killed Purgy
  5355 | D:5      | Reached skill level 5 in Armour
  5355 | D:5      | Reached XP level 8. HP: 56/68 MP: 8/8
  5392 | D:6      | Reached skill level 8 in Axes
  5669 | D:5      | Noticed a water elemental
  5685 | D:5      | Noticed an air elemental
  6719 | D:6      | Reached skill level 9 in Axes
  7240 | D:7      | Found an iron altar of Okawaru.
  7245 | D:7      | Became a worshipper of Warmaster Okawaru
  7345 | D:7      | Reached XP level 9. HP: 49/75 MP: 9/9
  7395 | D:8      | Reached skill level 10 in Axes
  7802 | D:8      | Identified the +8 rapier of Yluq {venom, +Blink rElec Int-4 Dex+4} (You found it on level 4 of the Dungeon)
  7807 | D:8      | Found Iskiethra's Jewellery Emporium.
  7837 | D:8      | Reached * piety under Okawaru
  7891 | D:9      | Noticed Erica
  8746 | D:7      | Reached skill level 11 in Axes
  8752 | D:7      | Reached ** piety under Okawaru
  8822 | D:7      | Found a staircase to the Ecumenical Temple.
  8829 | Temple   | Entered the Ecumenical Temple
  9526 | D:10     | Entered Level 10 of the Dungeon
  9614 | D:9      | Noticed a two-headed ogre
  9635 | D:9      | Mangled by a two-headed ogre

Skill      XL: |  1  2  3  4  5  6  7  8  9 |
---------------+----------------------------+-----
Axes           | 3 5 6 7 9 11 | 11.5
Shields        | 4 5 6 7 |  7.2
Fighting       | 4 5 6 7 |  7.0
Armour         | 4 5 6 7 |  7.2
Dodging        | |  0.8

Action                   |  1- 3 |  4- 6 |  7- 9 || total
-------------------------+-------+-------+-------++-------
Melee: War axe           |   163 |   376 |   356 ||   895
Throw: Tomahawk          |       |     2 |     5 ||     7
  Use: Scroll            |     5 |     4 |    19 ||    28
       Potion            |     2 |     3 |     9 ||    14
  Eat: Chunk             |     1 |       |       ||     1
       Bread ration      |       |     1 |     1 ||     2
       Royal jelly       |       |     1 |     2 ||     3
       Fruit             |       |     4 |     1 ||     5
       Meat ration       |       |       |     2 ||     2
Armor: Scale mail        |     6 |       |       ||     6
       Chain mail        |    95 |   204 |    97 ||   396
       Plate armour      |       |       |    87 ||    87
Dodge: Dodged            |    46 |    88 |    83 ||   217
Block: Shield            |    84 |   210 |   187 ||   481
